AoeStats
← benart

Nomad

508736191Analyzed
4v4 RM · 8d ago on Sep 23, 2026· 45m 10s· 8 players
Game mode
Random Map
Map size
231×231
Population
200
Speed
Normal
Resources
Standard
Victory
Conquest
Starting age
Dark Age
Ending age
Imperial Age
RankedLock teamsTeams togetherTeam positionsShared explorationLock speedFull tech treeHidden civsTurbo modeCheats
Victory
Defeat
🇳🇴 Varangians · Norway
1346
+15
🇨🇱 Mongols · Chile
1343
+15
🇧🇷 Mapuche · Brazil
1330
+16
🇩🇪 Danes · Germany
1328
+16
🇩🇪 Persians · Germany
1353
-17
🇩🇪 Malay · Germany
1333
-16
🇩🇪 Spanish · Germany
1321
-15
🇩🇪 Berbers · Germany
1287
-14
Trickshot
5:04 Loom
11:37 Feudal Age
12:00 Double-Bit Axe
15:09 Horse Collar
22:15 Castle Age
23:13 Stone Mining
23:14 Gold Mining
23:39 Bow Saw
28:18 Heavy Plow
30:44 Wheelbarrow
29:54 Town Watch
32:02 Hand Cart
33:20 Fletching
36:23 Imperial Age
35:19 Scale Barding Armor
35:26 Forging
37:12 Chain Barding Armor
37:28 Iron Casting
37:42 Bloodlines
37:33 Husbandry
38:16 Cavalier
39:39 Conscription
40:45 Blast Furnace
42:04 Savar
benart
9:39 Loom
12:55 Feudal Age
18:05 Castle Age
20:37 Gold Mining
30:40 Horse Collar
35:13 Imperial Age
33:13 Forging
33:04 Scale Mail Armor
33:12 Pikeman
35:24 Iron Casting
35:07 Chain Mail Armor
34:56 Double-Bit Axe
35:25 Fletching
35:36 Padded Archer Armor
35:25 Elite Skirmisher
38:37 Wheelbarrow
40:06 Chemistry
Wilma Raiden I.
11:12 Loom
13:42 Feudal Age
17:44 Castle Age
17:29 Scale Barding Armor
17:24 Double-Bit Axe
21:48 Husbandry
22:44 Gold Mining
25:44 Bloodlines
26:57 Gold Shaft Mining
31:37 Forging
34:35 Wheelbarrow
36:20 Hand Cart
38:59 Imperial Age
38:16 Chain Barding Armor
39:05 Heavy Camel Rider
41:00 Plate Barding Armor
40:45 Cavalier
Spieler2
4:31 Loom
12:43 Feudal Age
12:49 Double-Bit Axe
20:34 Castle Age
18:42 Fishing Lines
20:33 Bow Saw
20:37 Medium Warships
25:22 Fletching
26:11 Bodkin Arrow
26:30 Padded Archer Armor
25:56 Crossbowman
29:23 Ballistics
31:10 Horse Collar
38:10 Wheelbarrow
41:17 Imperial Age
41:56 Bracer
43:32 Chemistry
42:49 Leather Archer Armor
The Geo
5:25 Loom
14:38 Feudal Age
21:08 Castle Age
19:03 Gold Mining
19:02 Double-Bit Axe
21:04 Horse Collar
22:07 Stone Mining
25:10 Fletching
26:33 Town Watch
29:21 Bodkin Arrow
31:20 Wheelbarrow
34:05 Ballistics
36:46 Padded Archer Armor
37:04 Heavy Plow
39:11 Masonry
42:12 Bloodlines
41:32 Pikeman
42:14 Scale Mail Armor
42:20 Scale Barding Armor
43:07 Bow Saw
43:00 Squires
BaianinhoDeMaua
5:05 Loom
13:00 Feudal Age
18:48 Castle Age
16:45 Double-Bit Axe
17:11 Fletching
27:34 Stone Mining
29:37 Bodkin Arrow
31:27 Malon
32:05 Padded Archer Armor
36:38 Leather Archer Armor
41:23 Wheelbarrow
New Villager
10:55 Loom
13:37 Feudal Age
17:55 Castle Age
16:54 Double-Bit Axe
16:50 Horse Collar
17:33 Fletching
17:30 Fishing Lines
19:28 Bodkin Arrow
27:46 Scale Barding Armor
30:29 Wheelbarrow
33:25 Imperial Age
31:47 Bloodlines
31:39 Husbandry
32:57 Wheelbarrow
32:38 Heavy Plow
34:40 Chain Barding Armor
35:24 Conscription
34:26 Gothikon
36:05 Scale Mail Armor
36:09 Squires
35:54 Arson
35:38 Elite Varangian Guard
37:23 Chain Mail Armor
37:33 Bracer
39:33 Plate Mail Armor
40:47 Forging
42:37 Iron Casting
41:49 Pikeman
42:53 Halberdier
46:00 Blast Furnace
Viesturs Otto I.
4:57 Loom
12:54 Feudal Age
16:41 Castle Age
15:24 Fletching
16:17 Double-Bit Axe
17:30 Bodkin Arrow
20:53 Horse Collar
24:01 Town Watch
24:12 Fishing Lines
28:45 Elite Skirmisher
30:55 Wheelbarrow
31:28 Gillnets
34:37 Heavy Plow
35:38 Hand Cart
39:23 Imperial Age
37:13 Squires
36:59 Gambesons
37:49 Bow Saw
38:02 Gold Mining
38:58 Scale Mail Armor
39:38 Elite Varangian Guard
41:13 Chain Mail Armor
40:21 Hamask
41:27 Conscription
41:17 Pikeman
42:54 Plate Mail Armor
42:35 Forging
42:32 Halberdier
44:29 Arson
Connection lost

Rejoining the realm…

Still unreachable

The connection could not be restored.

Session expired

The server has moved on; the page needs a fresh start.